 Dungeon Crawl Stone Soup version 0.24.0-1-gfbc8707 (webtiles) character file.

Game seed: 13003843511506412934, levelgen mode: deterministic

317918 Letos the Hoplite (level 21, -20/136 HPs)
             Began as a Gargoyle Fighter on Nov 1, 2019.
             Was the Champion of Okawaru.
             Demolished by a +6 glaive of freezing (45 damage)
             ... on level 5 of the Vaults.
             The game lasted 01:27:01 (35339 turns).

Letos the Hoplite (Gargoyle Fighter)               Turns: 35339, Time: 01:27:01

Health: -20/136    AC: 67    Str: 31    XL:     21   Next: 44%
Magic:  23/28      EV: 11    Int: 10    God:    Okawaru [******]
Gold:   2555       SH: 29    Dex: 12    Spells: 17/20 levels left

rFire    . . .     SeeInvis .   E - +4 eveningstar (protect)
rCold    + . .     Gourm    .   u - +1 large shield of the Desert {Regen+ Slay+2}
rNeg     + . .     Faith    .   K - +15 Maxwell's patent armour {-Cast -Tele rElec MR+ rCorr}
rPois    ∞         Spirit   .   F - +2 hat {MR+}
rElec    +         Reflect  .   v - +2 cloak
rCorr    +         Harm     .   q - +0 pair of gloves {Str+3}
MR       +++..     NoTele   +   Y - +1 pair of boots {Fly} Stlth ..........NoCast +
                                A - amulet of rage
HPRegen  0.72/turn              k - +2 ring of slaying
MPRegen  0.21/turn              m - +3 ring of slaying

@: heroism, finesse, protection aura
A: big wings, agile 1, cold resistance 1, negative energy resistance 1,
electricity resistance, unbreathing, petrification resistance, rot immunity,
MP-powered wands, AC +16
}: 2/15 runes: barnacled, gossamer
a: Fly, Heroism, Finesse, Renounce Religion, Evoke Berserk Rage, Evoke Flight


You were on level 5 of the Vaults.
You worshipped Okawaru.
Okawaru was exalted by your worship.
You were not hungry.

You visited 7 branches of the dungeon, and saw 37 of its levels.

You collected 4196 gold pieces.
You spent 1641 gold pieces at shops.

Inventory:

Hand Weapons
 x - the +5 demon whip "Spellbinder" {antimagic, MR+}
   (Okawaru gifted it to you on level 2 of the Spider Nest)

   It reduces the magical energy of the wielder, and disrupts the spells and
   magical abilities of those hit.
   Natural abilities and divine invocations are not affected.
   It affects your resistance to hostile enchantments.
 E - a +4 eveningstar of protection (weapon)
 H - a +1 great mace of holy wrath
Armour
 q - a +0 pair of gloves of strength (worn)
 u - the +1 large shield of the Desert (worn) {Regen+ Slay+2}
   (You acquired it on level 2 of the Lair of Beasts)

   It affects your accuracy and damage with ranged weapons and melee attacks
   (+2).
   It increases your rate of regeneration.
 v - a +2 cloak (worn)
 F - a +2 hat of magic resistance (worn)
 K - the +15 Maxwell's patent armour (worn) {-Cast -Tele rElec MR+ rCorr}
   (Okawaru gifted it to you on level 15 of the Dungeon)

   It insulates you from electricity.
   It affects your resistance to hostile enchantments.
   It prevents spellcasting.
   It prevents most forms of teleportation.
   It provides partial protection from all sources of acid and corrosion.
 V - +2 gold dragon scales
 Y - a +1 pair of boots of flying (worn)
Jewellery
 a - an uncursed ring of ice
 d - the ring "Tag Hat" {rF+ MR- Str+5 Stlth+}
   (You found it on level 3 of the Vaults)

   [ring of stealth]

   It affects your strength (+5).
   It protects you from fire.
   It affects your resistance to hostile enchantments.
   It makes you more stealthy.
 i - an uncursed ring of ice
 k - a +2 ring of slaying (left hand)
 m - a +3 ring of slaying (right hand)
 A - an amulet of rage (around neck)
 P - an uncursed ring of positive energy
 Q - an uncursed ring of positive energy
 S - an uncursed ring of protection from magic
 X - an uncursed ring of see invisible
 Z - an uncursed ring of protection from fire
Wands
 e - a wand of scattershot (1)
 h - a wand of iceblast (26)
 o - a wand of paralysis (5)
 y - a wand of disintegration (18)
 z - a wand of enslavement (6)
 C - a wand of digging (10)
 D - a wand of acid (27)
Scrolls
 b - 5 scrolls of fear
 j - 13 scrolls of teleportation
 r - 5 scrolls of identify
 t - 13 scrolls of remove curse
 B - 4 scrolls of fog
 G - 8 scrolls of blinking
 I - 7 scrolls of magic mapping
 R - a scroll of silence
 W - 2 scrolls of enchant armour
Potions
 c - a potion of cancellation
 g - a potion of berserk rage
 l - 2 potions of invisibility
 n - 11 potions of curing
 p - 6 potions of agility
 s - a potion of brilliance
 w - 12 potions of heal wounds
 J - 3 potions of resistance
 O - a potion of might
 T - 2 potions of mutation
Miscellaneous
 M - a box of beasts
 N - a lamp of fire
 U - a lightning rod (4/4)
Comestibles
 f - 65 rations


   Skills:
 + Level 16.3(21.3) Fighting
 + Level 17.3(22.3) Maces & Flails
 - Level 15.2(20.2) Armour
 * Level 22.5(27) Shields
 - Level 7.2 Translocations
 - Level 8.0 Invocations
 - Level 10.5 Evocations


You had 17 spell levels left.
You knew the following spells:

 Your Spells              Type           Power        Failure   Level  Hunger
a - Apportation           Tloc           ##....       8%          1    ##.....
b - Blink                 Tloc           N/A          12%         2    ###....

Your spell library contained the following spells:

 Spells                   Type           Power        Failure   Level  Hunger
 Gell's Gravitas          Tloc           ##........   22%         3    ####...
 Lesser Beckoning         Tloc           ##........   22%         3    ####...
 Teleport Other           Tloc           ##......     22%         3    ####...
 Shroud of Golubria       Chrm/Tloc      #.....       45%         2    ###....
 Passage of Golubria      Tloc           N/A          58%         4    #####..
 Animate Skeleton         Necr           N/A          82%         1    ##.....
 Confusing Touch          Hex            #.....       82%         1    ##.....
 Magic Dart               Conj           #...         82%         1    ##.....
 Summon Small Mammal      Summ           #...         82%         1    ##.....
 Searing Ray              Conj           #.....       91%         2    ###....
 Force Lance              Conj/Tloc      #.......     97%         4    #####..
 Dazzling Spray           Conj/Hex       #.....       99%         3    ####...
 Ignite Poison            Fire/Tmut/Pois #.......     99%         3    ####...
 Spectral Weapon          Hex/Chrm       #.......     99%         3    ####...
 Spider Form              Tmut/Pois      #.........   99%         3    ####...
 Fulminant Prism          Conj/Hex       #.........   100%        4    #####..
 Iskenderun's Mystic Bla  Conj           #.......     100%        4    #####..
 Petrify                  Tmut/Erth      #.......     100%        4    #####..
 Alistair's Intoxication  Tmut/Pois      #.......     100%        5    ######.
 Bolt of Magma            Conj/Fire/Erth #.........   100%        5    ######.
 Irradiate                Conj/Tmut      #.........   100%        5    ######.
 Iskenderun's Battlesphe  Conj/Chrm      #.......     100%        5    ######.
 Venom Bolt               Conj/Pois      #.........   100%        5    ######.
 Iron Shot                Conj/Erth      #.........   100%        6    #######
 Dragon Form              Tmut           #.........   100%        7    #######
 Orb of Destruction       Conj           #.........   100%        7    #######
 Spellforged Servitor     Conj/Summ      #.........   100%        7    #######
 Sublimation of Blood     Necr           Unusable     N/A         2    N/A

Dungeon Overview and Level Annotations

Branches:
Dungeon (15/15)            Temple (1/1) D:7            Lair (6/6) D:11
 Shoals (4/4) Lair:3       Spider (4/4) Lair:4        Slime (0/5) Lair:5
    Orc (2/2) D:12            Elf (0/3) Orc:2        Vaults (5/5) D:14
  Crypt (0/3) Vaults:3     Depths (0/5) D:15

Altars:
Cheibriados
Dithmenos
Elyvilon
Gozag
Kikubaaqudgha
Makhleb
Nemelex Xobeh
Okawaru
Ru
Uskayaw
Vehumet
Wu Jian
Xom
The Shining One
Beogh
Jiyva

Shops:
D:7 *   D:11 [   D:13 !   Orc:2 :*[(   Vaults:2 *   Vaults:3 =   Vaults:4 [

Portals:
Trove: Vaults:3 (give horn of Geryon)


Innate Abilities, Weirdness & Mutations

You are resistant to torment.
Your stone body is resilient. (AC +16)
You are immune to poison.
Your large and strong wings let you fly indefinitely.
You resist negative energy. (rN+)
You are resistant to electric shocks. (rElec)
You can survive without breathing.
You are immune to petrification.
You are immune to rotting.
You are agile. (Dex +2)
Your flesh is cold resistant. (rC+)
You expend magic power (3 MP) to strengthen your wands.


Message History

A vault sentinel comes into view. It is wielding a +1 war axe of venom.
You block the +6 glaive of freezing's attack.
Unknown command.
You perforate the vault sentinel like a sieve!!!
The vault sentinel is almost dead.
You block the tengu reaver's attack. x3
You bludgeon the vault sentinel!!
You kill the vault sentinel!
Okawaru accepts your kill.
The vault sentinel blows a loud note on a signal horn!
You hear a shout! x2; You hear a deafening roar!
You block the tengu reaver's attack. x3
The +6 glaive of freezing hits you but does no damage.
Things that are here:
a +0 falchion of slicing; a cursed +0 scale mail; 27 gold pieces The ironbrand convoker begins to recite a word of recall!
The tengu reaver hits you but does no damage.
The tengu reaver barely misses you. You block the tengu reaver's attack.
The +6 glaive of freezing hits you from afar!!!
You die...

#########..... ....#
#.#...#.##.....#...#
.#.....#.##........#..#
#.......#.##..$#...#..#
.........#.##......#..#
..........#.##[#...#..#
...........#.##....#..#
............#.#*@..#..#
.............#...Q)...#
##################()).#
. .......)[).# .
.......p.†.# .
...........# .
...........# #
#######p...# .....#


You could see a tengu reaver, a +6 glaive of freezing and a battlesphere.

Vanquished Creatures
  Mennas (Vaults:4)
  Bai Suzhen (Vaults:3)
  A golden dragon (Vaults:4)
  Nikola (Shoals:2)
  A tentacled monstrosity (Vaults:5)
  The ghost of Sianeop the Warrior, an adept GrFi of Cheibriados (Vaults:1)
  2 deep elf master archers (Vaults:1)
  4 sphinxes
  A titan (Vaults:5)
  A kraken (Shoals:2)
  Kirke (Shoals:1)
  A storm dragon (Vaults:5)
  Donald (Shoals:2)
  The ghost of DrKleor the Blocker, an adept DrGl of Okawaru (Shoals:2)
  11 vault wardens
  A fire giant (Vaults:3)
  A frost giant (Vaults:4)
  3 orc warlords
  2 deep elf sorcerers
  5 ghost moths
  Aizul (Shoals:2)
  4 emperor scorpions
  7 ironheart preservers
  3 stone giants
  An entropy weaver (Spider:3)
  17 slime creatures
  A vampire knight (Vaults:3)
  A minotaur (Vaults:1)
  An eidolon (Vaults:3)
  3 merfolk javelineers
  A deep elf death mage (Vaults:4)
  4 ettins
  17 merfolk impalers
  4 great orbs of eyes
  31 vault guards
  14 yaktaur captains
  Fannar (Orc:1)
  Harold (D:7)
  The ghost of flyingllamaman the Blocker, a journeyman DsFi of Gozag (D:10)
  A rakshasa (D:15)
  4 death knights
  8 centaur warriors
  4 hydras
  20 two-headed ogres
  An alligator snapping turtle (Shoals:4)
  2 merfolk aquamancers
  5 satyrs (Shoals:4)
  4 ogre magi
  A merfolk avatar (Shoals:4)
  A deep troll earth mage (Vaults:4)
  A vampire mage (D:15)
  9 death yaks
  4 orc high priests (Orc:2)
  A spark wasp zombie (D:15)
  5 deep elf knights
  A shadow wraith (Vaults:3)
  3 deep trolls (Vaults:4)
  9 skeletal warriors
  2 unseen horrors
  10 sea snakes
  A swamp dragon (Lair:2)
  2 wizards
  12 ironbrand convokers
  2 deep elf archers (Vaults:2)
  23 orc knights
  Pikel (D:7)
  13 orb spiders
  A harpy (shapeshifter) (Vaults:1)
  11 ugly things
  14 harpies
  3 necromancers
  A tengu skeleton (D:15)
  8 deep elf magi
  A wolf spider zombie (D:12)
  7 orc sorcerers
  An oklob plant (Lair:3)
  11 manticores
  22 wolf spiders
  9 merfolk sirens
  4 cyclopes
  6 elephants (Lair:5)
  10 fauns (Shoals:4)
  4 black mambas
  2 centaur zombies
  A stone giant skeleton (D:15)
  3 gargoyles
  4 torpor snails
  6 water nymphs
  10 vault sentinels
  A komodo dragon (shapeshifter) (Vaults:3)
  7 spiny frogs
  2 kobold demonologists
  7 komodo dragons
  3 freezing wraiths
  A tengu conjurer (D:13)
  3 rime drakes
  A rime drake (shapeshifter) (Vaults:2)
  30 yaktaurs
  6 demonic crawlers
  36 merfolk
  A queen bee (D:10)
  34 jumping spiders
  A tengu simulacrum (Vaults:3)
  9 trolls
  A wind drake (Shoals:4)
  3 meliai (D:14)
  A wolf spider simulacrum (D:15)
  Prince Ribbit (D:7)
  18 hornets
  4 tyrant leeches (Spider:2)
  A tyrant leech (shapeshifter) (Vaults:3)
  13 blink frogs
  5 polar bears
  9 snapping turtles
  10 hippogriffs
  6 dream sheep
  69 redbacks
  13 spriggans (Lair:6)
  2 wyverns
  10 water elementals
  30 yaks
  28 tarantellas
  A shadow (D:15)
  19 humans (D:14)
  2 wraiths
  3 basilisks
  2 hungry ghosts
  A golden eye (shapeshifter) (Vaults:4)
  3 hogs (Shoals:1)
  3 wargs
  A tengu zombie (D:15)
  2 soldier ants (D:14)
  An acid dragon (D:14)
  11 porcupines
  7 water moccasins
  6 black bears
  67 orc warriors
  3 sky beasts
  4 ice beasts
  2 necrophages
  An eye of draining (shapeshifter) (D:14)
  A phantom (D:5)
  2 slaves (D:7)
  21 centaurs
  16 ogres
  2 eyes of draining
  22 wolves
  14 boggarts
  7 crocodiles
  25 bullfrogs
  6 big kobolds
  4 earth elementals (Spider:2)
  2 wyvern zombies
  3 scorpions
  7 killer bees (D:10)
  10 wights
  2 electric eels
  A howler monkey (D:6)
  7 crimson imps
  3 bullfrog zombies
  8 hounds
  2 bullfrog skeletons
  3 centaur skeletons
  4 jellies
  35 orc priests
  Jessica (D:3)
  Terence (D:3)
  4 hell rats (Lair:5)
  4 iguanas
  9 worker ants
  32 orc wizards
  A hound zombie (D:7)
  2 hound skeletons (D:6)
  A worker ant zombie (D:5)
  7 gnolls
  2 howler monkey skeletons (D:7)
  11 adders
  3 shadow imps
  An ooze (D:3)
  6 worms
  2 adder skeletons (D:6)
  2 adder zombies
  A dart slug (D:1)
  8 leopard geckos
  130 orcs
  8 bats
  9 giant cockroaches
  10 hobgoblins
  4 jackals (D:1)
  5 quokkas
  2 ball pythons
  A ball python skeleton (D:4)
  5 frilled lizards
  10 goblins
  23 kobolds
  A quokka zombie (D:7)
  4 rats
  2 crawling corpses (Vaults:5)
  A fungus (Lair:5)
  A plant (Shoals:4)
  A tentacle (Shoals:2)
1470 creatures vanquished.

Vanquished Creatures (others)
  A deep elf knight (Vaults:2)
  2 wolf spiders
  A jumping spider (Spider:1)
  2 orcs
  A fungus (Lair:5)
  25 plants
  4 tentacles (Shoals:2)
36 creatures vanquished.

Grand Total: 1506 creatures vanquished

Notes
Turn   | Place    | Note
-------+----------+-------------------------------------------
     0 | D:1      | Letos the Gargoyle Fighter began the quest for the Orb.
     0 | D:1      | Reached XP level 1. HP: 14/14 MP: 1/1
   154 | D:1      | Reached XP level 2. HP: 18/19 MP: 2/2
   662 | D:1      | Reached XP level 3. HP: 24/24 MP: 3/3
  1252 | D:2      | Reached XP level 4. HP: 29/29 MP: 4/4
  1719 | D:3      | Found a sacrificial altar of Ru.
  1821 | D:3      | Reached XP level 5. HP: 20/34 MP: 5/5
  2042 | D:3      | Noticed Jessica
  2049 | D:3      | Killed Jessica
  2076 | D:3      | Noticed Terence
  2089 | D:3      | Killed Terence
  2089 | D:3      | Reached skill level 5 in Maces & Flails
  2089 | D:3      | Reached XP level 6. HP: 40/40 MP: 6/6
  2318 | D:3      | Found an iron altar of Okawaru.
  2328 | D:3      | Became a worshipper of Warmaster Okawaru
  2711 | D:3      | Reached skill level 5 in Fighting
  2876 | D:4      | Reached skill level 1 in Invocations
  3112 | D:4      | Found a glowing drain.
  3257 | D:4      | Reached XP level 7. HP: 44/44 MP: 8/8
  3492 | D:5      | Entered Level 5 of the Dungeon
  3541 | D:5      | Reached * piety under Okawaru
  3879 | D:5      | Found a shimmering altar of Xom.
  3880 | D:5      | Found a radiant altar of Vehumet.
  3880 | D:5      | Found a burning altar of Makhleb.
  3889 | D:5      | Found a shadowy altar of Dithmenos.
  3889 | D:5      | Found a hide-covered altar of Uskayaw.
  3896 | D:5      | Found an ancient bone altar of Kikubaaqudgha.
  3995 | D:5      | Gained mutation: You are agile. (Dex +2) [potion of
                  | mutation]
  3995 | D:5      | Gained mutation: You expend magic power (3 MP) to
                  | strengthen your wands. [potion of mutation]
  3995 | D:5      | Gained mutation: Your flesh is cold resistant. (rC+)
                  | [potion of mutation]
  4055 | D:5      | Reached XP level 8. HP: 50/51 MP: 10/10
  4135 | D:5      | Reached skill level 1 in Evocations
  4415 | D:5      | Reached ** piety under Okawaru
  4649 | D:6      | Found a white marble altar of Elyvilon.
  4685 | D:6      | Reached skill level 4 in Shields
  5074 | D:6      | Found a snail-covered altar of Cheibriados.
  5152 | D:6      | Found a burning altar of Makhleb.
  5222 | D:6      | Reached XP level 9. HP: 55/55 MP: 11/11
  5223 | D:6      | Found an ornate altar of the Wu Jian Council.
  5268 | D:6      | Found an opulent altar of Gozag.
  5414 | D:7      | Noticed Harold
  5437 | D:7      | Killed Harold
  5437 | D:7      | Reached *** piety under Okawaru
  5437 | D:7      | Reached skill level 5 in Armour
  5437 | D:7      | Reached skill level 5 in Shields
  5695 | D:7      | Noticed a two-headed ogre
  5700 | D:7      | Killed a two-headed ogre
  5700 | D:7      | Reached **** piety under Okawaru
  5710 | D:7      | Found a staircase to the Ecumenical Temple.
  5735 | D:7      | Reached skill level 6 in Shields
  5745 | Temple   | Entered the Ecumenical Temple
  5789 | D:7      | Reached XP level 10. HP: 60/60 MP: 13/13
  5803 | D:7      | Found Aplexkun's Assorted Antiques.
  5806 | D:7      | Bought a scroll labeled IMOIMNACORCH for 31 gold pieces
  5886 | D:7      | Noticed Prince Ribbit
  5908 | D:7      | Killed Prince Ribbit
  5908 | D:7      | Reached skill level 10 in Maces & Flails
  5921 | D:7      | Learned a level 1 spell: Apportation
  6269 | D:8      | Reached skill level 1 in Translocations
  6913 | D:8      | Identified a scroll of acquirement
  6965 | D:8      | Noticed Pikel
  6985 | D:7      | Reached ***** piety under Okawaru
  7009 | D:7      | Killed Pikel
  7268 | D:8      | Found a glowing golden altar of the Shining One.
  7352 | D:8      | Identified the Papyrus of Mutagenic Protection
  7478 | D:9      | Noticed a two-headed ogre
  7489 | D:9      | Killed a two-headed ogre
  7489 | D:9      | Received a gift from Okawaru
  7766 | D:9      | Noticed a two-headed ogre
  7772 | D:9      | Killed a two-headed ogre
  7772 | D:9      | Reached skill level 7 in Shields
  7934 | D:9      | Got a twisted leather armour
  7974 | D:9      | Identified the cursed +0 leather armour of the Nine Songs
                  | {Dex+3} (You found it on level 9 of the Dungeon)
  8101 | D:9      | Reached XP level 11. HP: 67/67 MP: 14/14
  8345 | D:10     | Entered Level 10 of the Dungeon
  8382 | D:10     | Killed an unseen horror
  8507 | D:10     | Received a gift from Okawaru
  8510 | D:10     | Got a tattered robe {god gift}
  8521 | D:10     | Identified the +2 robe of Piosmikhlem {-Cast +Blink rF+
                  | MR+} (Okawaru gifted it to you on level 10 of the Dungeon)
  8594 | D:10     | Found a transporter.
  8594 | D:10     | Found a transporter.
  8602 | D:10     | Noticed flyingllamaman's ghost (journeyman DsFi)
  8787 | D:10     | Killed flyingllamaman's ghost
  8795 | D:10     | Reached skill level 5 in Translocations
  9549 | D:11     | Noticed a death yak
  9549 | D:11     | Noticed a death yak
  9554 | D:11     | Noticed a death yak
  9566 | D:10     | Killed a death yak
  9566 | D:10     | Reached skill level 8 in Shields
  9574 | D:10     | Killed a death yak
  9691 | D:11     | Killed a death yak
  9699 | D:11     | Found a staircase to the Lair.
  9888 | D:11     | Reached XP level 12. HP: 72/74 MP: 15/15
 10124 | D:11     | Found Galuvi Juta's Armour Shoppe.
 10127 | D:11     | Bought a +0 pair of boots for 67 gold pieces
 10324 | D:12     | Received a gift from Okawaru
 10545 | Lair:1   | Entered Level 1 of the Lair of Beasts
 11086 | Lair:1   | Got a dazzling war axe
 11087 | Lair:1   | Identified the +5 war axe "Qiwkar" {chop, Int+2} (You found
                  | it on level 1 of the Lair of Beasts)
 12060 | Lair:2   | Got a transparent large shield
 12071 | Lair:2   | Identified the +1 large shield of the Desert {Regen+
                  | Slay+2} (You acquired it on level 2 of the Lair of Beasts)
 12542 | Lair:3   | Noticed a five-headed hydra
 12560 | Lair:3   | Killed a five-headed hydra
 12560 | Lair:3   | Reached skill level 9 in Shields
 12560 | Lair:3   | Reached skill level 5 in Invocations
 12606 | Lair:3   | Received a gift from Okawaru
 12621 | Lair:3   | Found a staircase to the Shoals.
 12729 | Lair:3   | Reached XP level 13. HP: 78/80 MP: 17/17
 13191 | Lair:4   | Reached ****** piety under Okawaru
 13191 | Lair:4   | Received a gift from Okawaru
 13407 | Lair:4   | Found a snail-covered altar of Cheibriados.
 13504 | Lair:4   | Found a hole to the Spider Nest.
 14091 | Lair:4   | Reached skill level 10 in Fighting
 14295 | Lair:5   | Got a translucent morningstar
 14296 | Lair:5   | Identified the +7 morningstar "Wuwk" {flame, +Inv rC+++
                  | Int-5 Dex+3} (You found it on level 5 of the Lair of
                  | Beasts)
 14370 | Lair:5   | Reached skill level 10 in Shields
 14377 | Lair:5   | Reached skill level 10 in Armour
 15039 | Lair:5   | Found a viscous altar of Jiyva.
 15065 | Lair:5   | Found a staircase to the Slime Pits.
 15135 | Lair:6   | Entered Level 6 of the Lair of Beasts
 15351 | Lair:6   | Reached skill level 5 in Evocations
 15358 | Lair:6   | Received a gift from Okawaru
 15455 | Lair:6   | Gained mutation: Your large and strong wings let you fly
                  | indefinitely. [Gargoyle growth]
 15455 | Lair:6   | Reached XP level 14. HP: 64/88 MP: 20/20
 15704 | Lair:6   | Reached skill level 11 in Shields
 16538 | D:12     | Received a gift from Okawaru
 16666 | D:12     | Found a staircase to the Orcish Mines.
 17088 | Orc:1    | Entered Level 1 of the Orcish Mines
 17347 | Orc:2    | Entered Level 2 of the Orcish Mines
 17349 | Orc:2    | Found a staircase to the Elven Halls.
 17712 | Orc:1    | Noticed Fannar
 17727 | Orc:1    | Killed Fannar
 17727 | Orc:1    | Received a gift from Okawaru
 17893 | Orc:2    | Found a roughly hewn altar of Beogh.
 18201 | Orc:2    | Noticed an orc warlord
 18302 | Orc:2    | Reached skill level 12 in Shields
 18428 | Orc:2    | Paralysed by an orc sorcerer for 6 turns
 18630 | Orc:2    | Received a gift from Okawaru
 18843 | Orc:2    | Killed an orc warlord
 18959 | Orc:2    | Found Axatee's Antique Armour Shoppe.
 18960 | Orc:2    | Found Opulyopp's Antique Weapon Emporium.
 18961 | Orc:2    | Found Dajied's General Store.
 18961 | Orc:2    | Found Nupi's Book Shoppe.
 18977 | Orc:2    | Bought 2 potions of curing for 84 gold pieces
 18977 | Orc:2    | Bought a scroll of magic mapping for 49 gold pieces
 18977 | Orc:2    | Bought a scroll of identify for 28 gold pieces
 19048 | Orc:2    | Reached XP level 15. HP: 81/92 MP: 21/21
 19405 | D:13     | Found Pohas's Distillery.
 19447 | D:13     | Bought a potion of heal wounds for 65 gold pieces
 19447 | D:13     | Bought a potion of cancellation for 104 gold pieces
 19637 | D:13     | Found a sparkling altar of Nemelex Xobeh.
 20122 | D:14     | Found a roughly hewn altar of Beogh.
 20268 | D:14     | Reached skill level 13 in Shields
 20364 | D:14     | Received a gift from Okawaru
 20365 | D:14     | Found the +8 demon trident "Rift" {distort, reach+}
 20423 | D:14     | Reached skill level 15 in Maces & Flails
 20433 | D:14     | Found a gate to the Vaults.
 20445 | D:14     | Found an opulent altar of Gozag.
 20977 | D:14     | Got a fine scythe
 21007 | D:14     | Identified the +11 scythe of Ravage {vamp, -Tele rF+ Int+3
                  | SInv} (You found it on level 14 of the Dungeon)
 21089 | D:15     | Entered Level 15 of the Dungeon
 21092 | D:15     | Found a staircase to the Depths.
 21340 | D:15     | Received a gift from Okawaru
 21341 | D:15     | Found the +15 Maxwell's patent armour {-Cast -Tele rElec
                  | MR+ rCorr}
 21497 | D:15     | Reached skill level 10 in Evocations
 21555 | D:15     | Reached skill level 14 in Shields
 21831 | D:15     | Reached XP level 16. HP: 97/97 MP: 23/23
 22143 | Spider:1 | Entered Level 1 of the Spider Nest
 22435 | Spider:1 | You fall into a shaft and drop 1 floor!
 22508 | Spider:2 | Received a gift from Okawaru
 22509 | Spider:2 | Found the +5 demon whip "Spellbinder" {antimagic, MR+}
 22980 | Spider:2 | Learned a level 2 spell: Blink
 23076 | Spider:1 | Reached skill level 15 in Shields
 23546 | Spider:3 | Received a gift from Okawaru
 24203 | Spider:4 | Entered Level 4 of the Spider Nest
 24450 | Spider:4 | Reached XP level 17. HP: 98/103 MP: 24/24
 24494 | Spider:4 | Reached skill level 16 in Shields
 25054 | Spider:4 | Got a gossamer rune of Zot
 25804 | Shoals:1 | Entered Level 1 of the Shoals
 26048 | Shoals:1 | Noticed Kirke
 26109 | Shoals:1 | Killed Kirke
 26751 | Shoals:2 | Reached skill level 17 in Shields
 26902 | Shoals:2 | Noticed a kraken
 26915 | Shoals:2 | Killed a kraken
 27098 | Shoals:2 | Found a large runed translucent door.
 27137 | Shoals:2 | Noticed Nikola
 27171 | Shoals:2 | Noticed Aizul
 27174 | Shoals:2 | Received a gift from Okawaru
 27195 | Shoals:2 | Killed Aizul
 27196 | Shoals:2 | Killed Nikola
 27317 | Shoals:2 | Noticed Donald
 27329 | Shoals:2 | Killed Donald
 27353 | Shoals:2 | Found a large runed translucent door.
 27353 | Shoals:2 | Noticed DrKleor's ghost (adept DrGl)
 27379 | Shoals:2 | Killed DrKleor's ghost
 27488 | Shoals:3 | Reached XP level 18. HP: 95/112 MP: 19/25
 27872 | Shoals:3 | Reached skill level 18 in Shields
 28011 | Shoals:4 | Entered Level 4 of the Shoals
 28905 | Shoals:4 | Received a gift from Okawaru
 28998 | Shoals:4 | Got a barnacled rune of Zot
 29327 | Vaults:1 | Entered Level 1 of the Vaults
 29565 | Vaults:1 | Noticed a deep elf master archer
 29593 | Vaults:1 | Killed a deep elf master archer
 29593 | Vaults:1 | Reached skill level 19 in Shields
 29602 | Vaults:1 | Received a gift from Okawaru
 29867 | Vaults:1 | Reached XP level 19. HP: 102/120 MP: 26/26
 30372 | Vaults:1 | Found a runed translucent gate.
 30372 | Vaults:1 | Found a runed translucent gate.
 30372 | Vaults:1 | Found a runed translucent gate.
 30575 | Vaults:1 | Noticed Sianeop's ghost (adept GrFi)
 30576 | Vaults:1 | Identified the cursed +0 ring mail of the Jabberwock {MR++
                  | Str+4 Int+3}
 30578 | Vaults:1 | Found an iron altar of Okawaru.
 30678 | Vaults:1 | Killed Sianeop's ghost
 30992 | Vaults:2 | Received a gift from Okawaru
 31247 | Vaults:2 | Reached skill level 20 in Shields
 31536 | Vaults:2 | Found Teimep's General Store.
 31540 | Vaults:2 | Bought a potion of resistance for 180 gold pieces
 32513 | Vaults:3 | Received a gift from Okawaru
 32538 | Vaults:3 | Found a staircase to the Crypt.
 32590 | Vaults:3 | Got a fine lapis lazuli ring
 32771 | Vaults:3 | Reached XP level 20. HP: 126/128 MP: 27/27
 33067 | Vaults:3 | Found a portal to a secret trove of treasure.
 33068 | Vaults:3 | Found Ystra Dipn's Jewellery Emporium.
 33072 | Vaults:3 | Bought an uncursed ring of see invisible for 270 gold
                  | pieces
 33072 | Vaults:3 | Bought an uncursed ring of protection from fire for 450
                  | gold pieces
 33216 | Vaults:3 | Noticed Bai Suzhen
 33243 | Vaults:3 | Killed Bai Suzhen
 33243 | Vaults:3 | Reached skill level 15 in Fighting
 33243 | Vaults:3 | Reached skill level 21 in Shields
 33289 | Vaults:3 | Identified the ring "Tag Hat" {rF+ MR- Str+5 Stlth+} (You
                  | found it on level 3 of the Vaults)
 33473 | Vaults:3 | Reached skill level 15 in Armour
 33947 | Vaults:4 | Found Ceylot's Armour Emporium.
 33988 | Vaults:4 | Received a gift from Okawaru
 34092 | Vaults:4 | Bought a +2 cloak for 313 gold pieces
 34824 | Vaults:5 | Entered Level 5 of the Vaults
 34827 | Vaults:5 | Noticed Mennas
 34843 | Vaults:5 | Noticed a golden dragon
 34867 | Vaults:4 | Killed Mennas
 34970 | Vaults:4 | Received a gift from Okawaru
 34970 | Vaults:4 | Reached XP level 21. HP: 113/136 MP: 24/28
 34982 | Vaults:4 | Reached skill level 22 in Shields
 35099 | Vaults:4 | Killed a golden dragon
 35339 | Vaults:5 | Demolished by a +6 glaive of freezing

Levels and vault maps discovered:
D:1:      ebering_hopf_link, layout_loops_cross
D:2:      layout_loops_ring
D:3:      layout_rooms, nicolae_ru_awakened_eye, lemuel_coloured_pillars_altar,
          uniq_jessica, uniq_terence
D:4:      layout_cave_pools, first_ration, portal_sewer_entry_e
D:5:      layout_loops_ring, grunt_temple_overflow_open
D:6:      layout_rooms, lemuel_doored_altar, elyvilon_altar_5,
          old_standard_altar, cheibriados_altar_1, makhleb_blood_cavern_becter
D:7:      layout_basic, minmay_temple_entry_trees, serial_corexii_hall,
          corexii_hall_statues_x, corexii_hall_statues_x, serial_shops,
          nicolae_shop_behind_doors, uniq_harold, uniq_prince_ribbit1
D:8:      layout_basic, tso_oasis_becter, blue_anna_alchemist
          [blue_anna_fruit_fields, blue_anna_fruit_fields], uniq_pikel
D:9:      layout_basic, lightli_orcish_oven
D:10:     layout_basic, gammafunk_ghost_hive, hangedman_abyss_or_decor_stabs
D:11:     layout_small_grid, dpeg_lair_monsters, serial_shops,
          nicolae_shop_window_shopping
D:12:     layout_loops_cross, orc_0_dummy
D:13:     layout_long_grid, serial_shops, nicolae_shop_statue_plus, basic_altar
D:14:     layout_roguey [special_room_orc], grunt_vaults_entry_tiered,
          nicolae_gozag_seed_capital
D:15:     gammafunk_depths_entry_grave, layout_loops_ring, hangedman_glass_teeth
Temple:   grunt_temple_mini_profane
Lair:1:   layout_long_grid, lemuel_fruit_tree, grunt_megastairs_1
Lair:2:   layout_gridlike, hibernation_bobbens
Lair:3:   layout_cave_shapes, minmay_shoals_entry_beasts,
          minmay_lair_oklob_chamber, grunt_megastairs_4
Lair:4:   layout_regular_city, spider_nest_entry_a,
          nicolae_lair_grove_arrangements, kennysheep_snail_temple,
          wad_woods_river_01
Lair:5:   layout_cave_pods, slime_altar_1, st_stairs_6
Lair:6:   minmay_lair_end_enchanted_forest, layout_long_grid,
          infiniplex_staircase_pool_2
Shoals:1: layout_shoals, uniq_kirke
Shoals:2: layout_shoals, ebering_ghost_disaster_area,
          nicolae_shoals_flooded_hall, uniq_aizul, uniq_donald, uniq_nikola
Shoals:3: layout_shoals
Shoals:4: shoals_end_grunt_garden, layout_shoals
Spider:1: layout_spider_delve
Spider:2: layout_spider_delve, hangedman_stitches_earthworm
Spider:3: layout_spider_delve
Spider:4: spider_rune_water, drop_trap
Orc:1:    layout_caves, uniq_fannar
Orc:2:    st_orc_congregation, layout_caves, basic_altar
Vaults:1: gammafunk_vaults_ghost_fury_of_okawaru, vaults_standard_mumra_x,
          hangedman_vaults_maws, v_misc_5, grunt_vaults_bifocal,
          vaults_room_stairs_pillars, nicolae_vaults_mini_display_case,
          nicolae_vaults_diagonal_hallway_6, layout_vaults_omnigrid
Vaults:2: v_misc_19, v_rooms_6, v_misc_19, ontoclasm_vaults_shout,
          ontoclasm_vaults_hangar, nicolae_vaults_three_branches,
          ontoclasm_vaults_fault, vaults_dpeg_doors,
          ontoclasm_vaults_ring_small, hangedman_vaults_capsules,
          nicolae_vaults_alarming, vaults_dpeg_ring, layout_vaults_omnicross,
          serial_shops, nicolae_shop_stone
Vaults:3: hangedman_vaults_restitches, nicolae_vaults_little_squares_3,
          minmay_crypt_entry_simple_box, nicolae_vaults_little_squares_3,
          vaults_room_fancy_cross, nicolae_vaults_shelves_hall,
          grunt_vaults_diagonal, vaults_room_pools, nicolae_vaults_triangles,
          vaults_mumra_minichess, nicolae_vaults_diagonal_hallway_7,
          hangedman_vaults_slice, st_squares, layout_vaults_ring, serial_shops,
          shop, nicolae_trove_entry_free_sample, uniq_bai_suzhen
Vaults:4: v_misc_19, v_misc_4, hangedman_vaults_slice, v_misc_32,
          vaults_mumra_lcd, nicolae_vaults_diagonal_hallway_8,
          vaults_room_stairs_pillars, nicolae_vaults_little_squares_2,
          vaults_room_pools, layout_vaults_big_room, serial_shops,
          shop_fountains
Vaults:5: uniq_mennas

Skill      XL: |  1  2  3  4  5  6  7  8  9 10 11 12 13 14 15 16 17 18 19 20 21 |
---------------+----------------------------------------------------------------+-----
Maces & Flails | 3 4 5 7 8 9 10 11 12 13 14 15 16 17 | 17.3
Fighting       | 4 5 6 7 8 9 10 12 13 14 15 16 | 16.3
Invocations    | 1 3 6 8 |  8.0
Evocations     | 2 4 5 8 10 | 10.5
Shields        | 4 6 7 8 9 10 12 14 15 17 19 20 21 22 | 22.5
Armour         | 4 6 7 8 9 10 12 13 14 15 | 15.2
Translocations | 3 6 7 |  7.2

Action                   |  1- 3 |  4- 6 |  7- 9 | 10-12 | 13-15 | 16-18 | 19-21 || total
-------------------------+-------+-------+-------+-------+-------+-------+-------++-------
Melee: Flail             |   146 |     6 |       |       |       |       |       ||   152
       Whip              |       |   164 |   274 |    98 |       |       |       ||   536
       Punch             |       |       |     2 |       |       |       |       ||     2
       Eveningstar       |       |       |       |   510 |  1627 |  1685 |  1439 ||  5261
Invok: Heroism           |       |       |     2 |     7 |    24 |    18 |    13 ||    64
       Finesse           |       |       |       |     1 |     8 |    10 |     8 ||    27
 Abil: Fly               |       |       |       |       |       |     1 |       ||     1
       Stop Flying       |       |       |       |       |       |     1 |     1 ||     2
       Evoke Berserk Rag |       |       |       |       |       |     1 |       ||     1
Evoke: Wand              |       |       |     1 |     1 |     3 |     5 |    10 ||    20
       Lamp of fire      |       |       |       |       |       |       |     1 ||     1
       Box of beasts     |       |       |       |       |       |       |     1 ||     1
       Sack of spiders   |       |       |       |       |       |       |     1 ||     1
  Use: Scroll            |     8 |     1 |     5 |     6 |    11 |     6 |     7 ||    44
       Potion            |       |       |     4 |     4 |       |     6 |     1 ||    15
 Stab: Invisible         |       |       |       |       |       |     2 |       ||     2
  Eat: Chunk             |     1 |     6 |     9 |    13 |    23 |     9 |    10 ||    71
       Ration            |       |       |       |     3 |     3 |     6 |     3 ||    15
Armor: Scale mail        |   113 |    38 |       |       |       |       |       ||   151
       Chain mail        |       |    70 |   137 |    72 |       |       |       ||   279
       Plate armour      |       |       |       |   337 |   689 |  1131 |   544 ||  2701
       Skin              |       |       |       |       |     2 |       |       ||     2
Dodge: Dodged            |    88 |    55 |   105 |   192 |   175 |   298 |   219 ||  1132
Block: Buckler           |       |       |       |   113 |       |       |       ||   113
       Large shield      |       |       |       |    65 |  1516 |  2070 |  1626 ||  5277
